 Dungeon Crawl Stone Soup version 0.27-a0-941-g386ccf399c (webtiles) character file.

Game seed: 15543959884527883803

38693 ncdksnv the Geomancer (level 14, -2/84 HPs)
             Began as a Gargoyle Earth Elementalist on Apr 11, 2021.
             Was a High Priest of Vehumet.
             Shot with an arrow by a centaur warrior (18 damage)
             ... on level 13 of the Dungeon.
             The game lasted 00:44:37 (18307 turns).

ncdksnv the Geomancer (GrEE)                       Turns: 18307, Time: 00:44:37

Health: -2/84      AC: 18    Str: 13    XL:     14   Next: 3%
Magic:  9/26       EV: 14    Int: 28    God:    Vehumet [*****.]
Gold:   1618       SH:  0    Dex: 10    Spells: 2/30 levels left

rFire    + . .     SeeInvis .   x - +2 flail (venom)
rCold    + . .     Faith    .   (no shield)
rNeg     + . .     Spirit   .   p - +2 robe {rC+ rF+}
rPois    ∞         Reflect  .   c - +0 helmet
rElec    +         Harm     .   m - scarf {+Inv}
rCorr    .         Rampage  .   f - +0 pair of gloves
Will     +....                  l - +0 pair of boots
Stlth    ++........             n - amulet of magic regeneration
HPRegen  0.24/turn              z - +6 ring of intelligence
MPRegen  0.45/turn              P - ring of wizardry

@: flying
A: AC +10, big wings, negative energy resistance 1, electricity resistance,
torment resistance 1, unbreathing 1, petrification resistance, clever 1
a: Renounce Religion, Evoke Invisibility


You were on level 13 of the Dungeon.
You worshipped Vehumet.
Vehumet was extremely pleased with you.
You visited 2 branches of the dungeon, and saw 15 of its levels.
You also visited: Sewer, Bailey and Gauntlet.

You collected 1822 gold pieces.
You spent 204 gold pieces at shops.

Inventory:

Hand Weapons
 v - a +1 morningstar of venom
 x - a +2 flail of venom (weapon)
 E - a +0 vorpal dire flail
Missiles
 a - 10 throwing nets
 b - 265 stones
 u - a curare-tipped dart
Armour
 c - a +0 helmet (worn)
 f - a +0 pair of gloves (worn)
 g - +0 steam dragon scales
 i - a +3 troll leather armour {Snorg}
 l - a +0 pair of boots (worn)
 m - a scarf of invisibility (worn)
 p - a +2 robe of resistance (worn)
Jewellery
 j - the ring of Unledoib {rPois Will+ rCorr Dex+2 Stlth+}
   (You found it in a Gauntlet)

   [ring of resist corrosion]

   It affects your dexterity (+2).
   It protects you from poison.
   It protects you from acid and corrosion.
   It increases your willpower.
   It makes you more stealthy.
 n - an amulet of magic regeneration (around neck)
 q - a ring of ice
 w - a ring of protection from fire
 z - a +6 ring of intelligence (left hand)
 C - the ring "Xeli" {Ice +Inv Str-5 Dex+3}
   (You found it in a Gauntlet)

   [ring of ice]

   It enhances your ice magic.
   It affects your strength (-5).
   It affects your dexterity (+3).
   It makes you vulnerable to fire.
   It protects you from cold.
   It lets you turn invisible.
 P - a ring of wizardry (right hand)
Wands
 o - a wand of polymorph (10)
 A - a wand of paralysis (16)
 F - a wand of random effects (45)
 L - a wand of acid (9)
 N - a wand of flame (14)
Scrolls
 e - 2 scrolls of teleportation
 h - a scroll of amnesia
 t - a scroll of enchant armour
 y - 2 scrolls of immolation
 J - 4 scrolls of identify
 O - a scroll of magic mapping
Potions
 d - 4 potions of mutation
 k - 4 potions of haste
 r - 2 potions of cancellation
 s - 3 potions of might
 G - 2 potions of ambrosia
 H - 3 potions of curing
 K - 2 potions of brilliance
 M - a potion of heal wounds
Miscellaneous
 D - a phial of floods


   Skills:
 + Level 8.9 Fighting
 + Level 8.3 Maces & Flails
 - Level 6.0 Armour
 + Level 7.2 Dodging
 - Level 2.1 Stealth
 + Level 8.8 Spellcasting
 + Level 9.9 Conjurations
 - Level 0.7 Transmutations
 * Level 4.8 Fire Magic
 + Level 11.5 Earth Magic
 + Level 7.4 Evocations


You had 2 spell levels left.
You knew the following spells:

 Your Spells              Type           Power      Damage    Failure   Level
a - Sandblast             Erth           100%       2d20      1%          1
b - Stone Arrow           Conj/Erth      100%       3d13      1%          3
c - Lee's Rapid Deconstr  Erth           33%        3d18*     1%          5
d - Iron Shot             Conj/Erth      32%        9d7       1%          6
e - Irradiate             Conj/Tmut      21%        3d21      1%          5
f - Fireball              Conj/Fire      26%        3d12      1%          5
g - Mephitic Cloud        Conj/Pois/Air  30%        N/A       1%          3

Your spell library contained the following spells:

 Spells                   Type           Power      Damage    Failure   Level
 Spellforged Servitor     Conj/Summ      20%        N/A       41%         7
 Apportation              Tloc           24%        N/A       1%          1
 Magic Dart               Conj           100%       1d8       1%          1
 Shock                    Conj/Air       100%       1d9       1%          1
 Passwall                 Tmut/Erth      38%        N/A       1%          2
 Blink                    Tloc           N/A        N/A       2%          2
 Call Imp                 Summ           12%        N/A       2%          2
 Slow                     Hex            12%        N/A       2%          2
 Swiftness                Air            12%        N/A       2%          2
 Conjure Flame            Conj/Fire      52%        6-21      1%          3
 Ignite Poison            Fire/Tmut/Pois 22%        N/A       1%          3
 Static Discharge         Conj/Air       40%        N/A       1%          3
 Animate Armour           Summ/Erth      88%        N/A       1%          4
 Leda's Liquefaction      Hex/Erth       22%        N/A       1%          4
 Petrify                  Tmut/Erth      46%        N/A       1%          4
 Bolt of Magma            Conj/Fire/Erth 28%        4d13      1%          5
 Lightning Bolt           Conj/Air       20%        1d35      1%          5
 Starburst                Conj/Fire      26%        8x6d8     4%          6
 Airstrike                Air            6%         N/A       5%          4
 Lesser Beckoning         Tloc           6%         N/A       6%          3
 Tukima's Dance           Hex            12%        N/A       6%          3
 Alistair's Intoxication  Tmut/Pois      9%         N/A       38%         5
 Blade Hands              Tmut           8%         N/A       87%         6
 Invisibility             Hex            12%        N/A       93%         6
 Ignition                 Fire           19%        3d7       95%         8
 Shatter                  Erth           33%        3d27*     95%         9
 Dragon Form              Tmut           8%         N/A       100%        7
 Statue Form              Tmut/Erth      Unusable   N/A       N/A         6

Dungeon Overview and Level Annotations

Branches:
Dungeon (14/15)            Temple (1/1) D:6            Lair (0/6) D:11
    Orc (0/2) D:10          Sewer (visited)          Bailey (visited)
Gauntlet (visited)
 Vaults: D:13-14

Altars:
Ashenzari
Dithmenos
Gozag
Kikubaaqudgha
Ru
Sif Muna
Trog
Vehumet
Zin
The Shining One
Beogh

Shops:
D:6 :   D:12 *

Annotations:
D:7 3 runed translucent doors, Aapotti's ghost, novice DgCj; Zigma's ghost, novice DrTm


Innate Abilities, Weirdness & Mutations

Your stone body is resilient. (AC +10)
You are immune to poison.
Your large and strong wings let you fly.
You resist negative energy. (rN+)
You are resistant to electric shocks. (rElec)
You are resistant to unholy torment.
You can survive without breathing.
You are immune to petrification.
Your mind is acute. (Int +2)


Message History

Casting: Iron Shot (dangerous; 1% risk of failure)
Confirm with . or Enter, or press ? or * to list all spells.
Aiming: Iron Shot (dangerous; 1% risk of failure)
Press: ? - help, Shift-Dir - straight line, f - centaur warrior
Aim: a centaur warrior, quivering arrows (19% to evade)
The iron shot hits the centaur warrior!!
The centaur warrior is severely wounded.
The centaur warrior closely misses you. The centaur warrior barely misses you.
The centaur warrior closely misses you.
The centaur warrior kicks you but does no damage.
Casting: Iron Shot (dangerous; 1% risk of failure)
Confirm with . or Enter, or press ? or * to list all spells.
Aiming: Iron Shot (dangerous; 1% risk of failure)
Press: ? - help, Shift-Dir - straight line, f/p - centaur warrior
Aim: a centaur warrior, quivering arrows (severely wounded, 19% to evade)
The iron shot hits the centaur warrior!!!
You kill the centaur warrior!
Vehumet accepts your kill.
Unknown command.
Casting: Iron Shot (dangerous; 1% risk of failure)
Confirm with . or Enter, or press ? or * to list all spells.
Aiming: Iron Shot (dangerous; 1% risk of failure)
Press: ? - help, Shift-Dir - straight line, f - goblin
Aim: a goblin, wielding a +0 spear (33% to evade)
The iron shot hits the goblin!!!
You kill the goblin!
Vehumet accepts your kill.
You feel your power returning.
You start resting.
A centaur warrior is nearby!
A centaur warrior is nearby!
Things that are here:
a +0 shortbow; 16 arrows; a centaur corpse The centaur warrior shouts!
You hear a shout!
The centaur warrior shoots an arrow.
The arrow hits you!!
* * * LOW HITPOINT WARNING * * *
The centaur warrior shoots an arrow.
The arrow hits you!
* * * LOW HITPOINT WARNING * * *
The centaur warrior shoots an arrow.
The arrow hits you!!
You die...

# #
******##################*****####
,,,,,,..................,,,,,....
********#...............,,******#
#.....).@.......,,* #
#......)........,,* #
#...........c...,,* #
#...............,,* #
#########.................#######
.....).).........................
......)..........................
###########†.....................
#.........,,,,,........


You could see a centaur warrior.

Vanquished Creatures
  Roxanne (D:14)
  An entropy weaver (Gauntlet)
  A minotaur (Gauntlet)
  Snorg (D:10)
  2 hydras
  3 centaur warriors (D:13)
  A death knight (D:12)
  4 two-headed ogres
  Nergalle (D:12)
  A skeletal warrior (D:12)
  A sixfirhy (Gauntlet)
  A swamp dragon (D:8)
  7 wizards (D:12)
  2 deep elf pyromancers
  An orc knight (D:10)
  2 deep elf zephyrmancers (D:12)
  5 ugly things
  An orb spider (shapeshifter) (D:13)
  Pikel (D:4)
  An orc sorcerer (D:12)
  A manticore (D:13)
  2 centaur zombies
  2 gargoyles
  An unseen horror (D:12)
  An efreet (D:14)
  An ice devil (Gauntlet)
  2 kobold demonologists
  2 freezing wraiths (D:12)
  A tengu conjurer (D:12)
  A komodo dragon (D:11)
  A jumping spider (Gauntlet)
  4 trolls
  Grinder (D:3)
  A raiju (shapeshifter) (D:14)
  2 slime creatures (D:13)
  3 shadows
  Sigmund (D:6)
  3 wyverns
  5 basilisks
  Eustachio (D:6)
  17 yaks
  6 vampire mosquitoes (D:12)
  2 steam dragons
  Menkaure (D:4)
  A water moccasin (D:8)
  7 orc warriors
  2 ice beasts (D:6)
  A sky beast (D:7)
  2 black bears
  4 necrophages
  8 centaurs
  4 kobold brigands
  5 bullfrogs
  Blork the orc (D:4)
  11 gnoll sergeants
  4 wights (D:10)
  15 killer bees
  3 electric eels (D:10)
  7 howler monkeys
  8 hounds
  8 orc priests
  2 centaur skeletons
  6 gnoll shamans (Bailey)
  3 jellies
  Jessica (D:3)
  2 bullfrog skeletons
  2 iguanas
  3 orc wizards
  Natasha (thrice) (D:3)
  3 hound skeletons
  9 adders
  30 gnolls
  5 river rats (Sewer)
  A shadow imp (D:8)
  7 white imps
  3 ufetubi (Gauntlet)
  An adder skeleton (D:4)
  2 worms
  4 dart slugs
  42 orcs
  18 ball pythons
  6 endoplasms
  2 giant cockroaches
  13 goblins
  6 hobgoblins
  10 jackals
  12 kobolds
  2 quokkas (D:2)
  3 bats
  8 frilled lizards
  23 rats
423 creatures vanquished.

Vanquished Creatures (others)
  A fungus (Gauntlet)
  3 plants (Gauntlet)
  6 withered plants (D:7)
10 creatures vanquished.

Grand Total: 433 creatures vanquished

Notes
Turn   | Place    | Note
-------+----------+-------------------------------------------
     0 | D:1      | ncdksnv the Gargoyle Earth Elementalist began the quest for
                  | the Orb.
     0 | D:1      | Reached XP level 1. HP: 10/10 MP: 3/3
   357 | D:1      | Reached skill level 4 in Earth Magic
   357 | D:1      | Reached XP level 2. HP: 14/15 MP: 3/5
  1228 | D:2      | Reached XP level 3. HP: 19/19 MP: 2/6
  1232 | D:2      | Learned a level 3 spell: Stone Arrow
  1711 | D:3      | Found a faded altar of an unknown god.
  1883 | D:3      | Reached skill level 1 in Conjurations
  1883 | D:3      | Reached XP level 4. HP: 23/24 MP: 4/8
  1976 | D:3      | Noticed Jessica
  1989 | D:3      | Killed Jessica
  1990 | D:3      | Reached skill level 5 in Earth Magic
  1995 | D:3      | Noticed Natasha
  2003 | D:3      | Killed Natasha
  2004 | D:3      | Reached XP level 5. HP: 13/28 MP: 0/10
  2010 | D:3      | Noticed Natasha
  2025 | D:3      | Killed Natasha
  2171 | D:3      | Noticed Grinder
  2182 | D:3      | Learned a level 5 spell: Lee's Rapid Deconstruction
  2185 | D:3      | Killed Grinder
  2186 | D:3      | Reached skill level 6 in Earth Magic
  2186 | D:3      | Reached XP level 6. HP: 32/32 MP: 4/12
  2361 | D:3      | Noticed Natasha
  2365 | D:3      | Killed Natasha
  2952 | D:3      | Found a faded altar of an unknown god.
  3533 | D:4      | Noticed Menkaure
  3537 | D:4      | Reached XP level 7. HP: 34/36 MP: 13/13
  3543 | D:4      | Killed Menkaure
  3688 | D:4      | Found a radiant altar of Vehumet.
  3688 | D:4      | Found an ancient bone altar of Kikubaaqudgha.
  3689 | D:4      | Found a shimmering blue altar of Sif Muna.
  3700 | D:4      | Identified Vehumet's Collected Works on Confrontation
  3703 | D:4      | Became a worshipper of Vehumet
  3791 | D:4      | Noticed Pikel
  3798 | D:4      | Killed Pikel
  3799 | D:4      | Reached skill level 1 in Fighting
  3799 | D:4      | Reached skill level 1 in Maces & Flails
  3799 | D:4      | Reached skill level 1 in Armour
  3799 | D:4      | Reached skill level 1 in Evocations
  3799 | D:4      | Reached XP level 8. HP: 43/43 MP: 7/15
  4117 | D:4      | Reached skill level 5 in Spellcasting
  4444 | D:4      | Reached skill level 7 in Earth Magic
  4680 | D:4      | Noticed Blork the orc
  4685 | D:4      | Killed Blork the orc
  4763 | D:5      | Entered Level 5 of the Dungeon
  4769 | D:5      | Gained mutation: Armour fits poorly on your strangely
                  | shaped body. [potion of mutation]
  4769 | D:5      | Lost mutation: Armour fits poorly on your strangely shaped
                  | body. [potion of mutation]
  4769 | D:5      | Gained mutation: Your mind is acute. (Int +2) [potion of
                  | mutation]
  4769 | D:5      | Gained mutation: Your large and strong wings let you fly.
                  | [potion of mutation]
  4933 | D:5      | Found a glowing drain.
  4943 | Sewer    | Entered a sewer
  5242 | Sewer    | Reached * piety under Vehumet
  5242 | Sewer    | Offered knowledge of Foxfire by Vehumet.
  5243 | Sewer    | Reached skill level 5 in Conjurations
  5484 | Sewer    | Reached ** piety under Vehumet
  5537 | Sewer    | Offered knowledge of Shock by Vehumet.
  5624 | D:5      | Reached XP level 9. HP: 28/49 MP: 12/16
  5851 | D:5      | Found a glowing silver altar of Zin.
  6420 | D:5      | Found an opulent altar of Gozag.
  6420 | D:5      | Found a bloodstained altar of Trog.
  6699 | D:6      | Found a staircase to the Ecumenical Temple.
  6714 | Temple   | Entered the Ecumenical Temple
  6743 | D:6      | Noticed Eustachio
  6745 | D:6      | Found Ybbog's Book Shop.
  6750 | D:6      | Killed Eustachio
  6801 | D:6      | Found a sacrificial altar of Ru.
  6830 | D:6      | Offered knowledge of Searing Ray by Vehumet.
  7390 | D:6      | Reached skill level 8 in Earth Magic
  7404 | D:6      | Reached *** piety under Vehumet
  7548 | D:6      | Noticed Sigmund
  7554 | D:6      | Killed Sigmund
  7671 | D:6      | Identified a scroll of acquirement
  7671 | D:6      | Acquired a book of Fire
  7902 | D:7      | Reached XP level 10. HP: 56/56 MP: 10/18
  8024 | D:7      | Found a runed translucent gate.
  8024 | D:7      | Found a runed translucent gate.
  8024 | D:7      | Found a runed translucent gate.
  8298 | D:7      | Noticed Aapotti's ghost (novice DgCj)
  8299 | D:7      | Noticed Zigma's ghost (novice DrTm)
  9020 | D:8      | Noticed a two-headed ogre
  9046 | D:8      | Killed a two-headed ogre
  9241 | D:8      | Offered knowledge of Frozen Ramparts by Vehumet.
  9328 | D:8      | Noticed Harold
  9377 | D:8      | HP: 2/58 [Harold/harpoon shot (9)]
  9685 | D:8      | Noticed Harold
  9685 | D:8      | Harold changed into Harold the swamp dragon
  9709 | D:8      | Killed Harold the swamp dragon
  9710 | D:8      | Reached skill level 5 in Fighting
  9710 | D:8      | Reached skill level 5 in Armour
  9905 | D:8      | Found a shadowy altar of Dithmenos.
 10138 | D:9      | Reached **** piety under Vehumet
 10167 | D:9      | Reached skill level 5 in Maces & Flails
 10220 | D:9      | Noticed a two-headed ogre
 10229 | D:9      | Killed a two-headed ogre
 10230 | D:9      | Reached skill level 9 in Earth Magic
 10230 | D:9      | Reached XP level 11. HP: 64/64 MP: 12/20
 10332 | D:9      | Offered knowledge of Dazzling Flash by Vehumet.
 10957 | D:9      | Found a glowing golden altar of the Shining One.
 10961 | D:9      | Noticed a two-headed ogre
 10963 | D:9      | Killed a two-headed ogre
 11126 | D:10     | Entered Level 10 of the Dungeon
 11333 | D:10     | Found a staircase to the Orcish Mines.
 11355 | D:11     | Found a gate leading to a gauntlet.
 11361 | Gauntlet | Entered a Gauntlet
 11361 | Gauntlet | Found a transporter.
 11361 | Gauntlet | Found a transporter.
 11361 | Gauntlet | Found a transporter.
 11679 | Gauntlet | Found a transporter.
 11682 | Gauntlet | Found a transporter.
 11686 | Gauntlet | Noticed a sixfirhy
 11697 | Gauntlet | Found a transporter.
 11705 | Gauntlet | Found a transporter.
 11706 | Gauntlet | Found a runed translucent gate.
 11708 | Gauntlet | Found a runed translucent gate.
 11708 | Gauntlet | Found a transporter.
 11709 | Gauntlet | Found a runed translucent gate.
 11722 | Gauntlet | Noticed an entropy weaver
 11727 | Gauntlet | Noticed a seven-headed hydra
 11728 | Gauntlet | a seven-headed hydra changed into a tyrant leech
 11730 | Gauntlet | Found a transporter.
 11730 | Gauntlet | Noticed a quicksilver ooze
 11730 | Gauntlet | a tyrant leech changed into a quicksilver ooze
 11731 | Gauntlet | Noticed an emperor scorpion
 11731 | Gauntlet | a quicksilver ooze changed into an emperor scorpion
 11732 | Gauntlet | Noticed a quicksilver ooze
 11732 | Gauntlet | an emperor scorpion changed into a quicksilver ooze
 11734 | Gauntlet | Noticed an ettin
 11734 | Gauntlet | a quicksilver ooze changed into an ettin
 11738 | Gauntlet | Noticed an ice dragon
 11738 | Gauntlet | an ettin changed into an ice dragon
 11741 | Gauntlet | Noticed a great orb of eyes
 11741 | Gauntlet | an ice dragon changed into a great orb of eyes
 11742 | Gauntlet | Noticed an ice dragon
 11742 | Gauntlet | a great orb of eyes changed into an ice dragon
 11744 | Gauntlet | an ice dragon changed into a slime creature
 11753 | Gauntlet | Found a transporter.
 11755 | Gauntlet | Noticed a mana viper
 11755 | Gauntlet | a redback changed into a mana viper
 11756 | Gauntlet | Found a transporter.
 11756 | Gauntlet | Noticed a swamp dragon
 11756 | Gauntlet | a mana viper changed into a swamp dragon
 11759 | Gauntlet | Noticed a shock serpent
 11759 | Gauntlet | a swamp dragon changed into a shock serpent
 11761 | Gauntlet | Noticed a glowing shapeshifter
 11761 | Gauntlet | a shock serpent changed into a glowing shapeshifter
 11762 | Gauntlet | a glowing shapeshifter changed into a wind drake
 11771 | Gauntlet | Found a transporter.
 11837 | Gauntlet | Noticed a lindwurm
 11883 | Gauntlet | Noticed a faun
 11884 | Gauntlet | Noticed a harpy
 11886 | Gauntlet | a harpy changed into a tarantella
 11892 | Gauntlet | Noticed a moth of wrath
 11892 | Gauntlet | a faun changed into a moth of wrath
 11894 | Gauntlet | Noticed a deep troll
 11894 | Gauntlet | a moth of wrath changed into a deep troll
 11896 | Gauntlet | Noticed an anaconda
 11896 | Gauntlet | a deep troll changed into an anaconda
 11951 | Gauntlet | Reached skill level 5 in Dodging
 12061 | Gauntlet | Identified the ring of Unledoib {rPois Will+ rCorr Dex+2
                  | Stlth+}
 12178 | Gauntlet | Killed a sixfirhy
 12179 | Gauntlet | Reached skill level 5 in Evocations
 12228 | Gauntlet | Killed an entropy weaver
 12416 | Gauntlet | Identified the ring "Xaxeimm" {rPois Str+2 Dex+3}
 12425 | Gauntlet | Noticed a seven-headed hydra
 12426 | Gauntlet | Noticed a faun
 12431 | Gauntlet | Learned a level 3 spell: Mephitic Cloud
 12432 | Gauntlet | Noticed a mana viper
 12432 | Gauntlet | a faun changed into a mana viper
 12476 | Gauntlet | Noticed a minotaur
 12483 | Gauntlet | Killed a minotaur
 12497 | Gauntlet | Identified the ring "Xeli" {Ice +Inv Str-5 Dex+3}
 12604 | D:10     | Noticed Snorg
 12614 | D:10     | Killed Snorg
 12940 | D:10     | Reached XP level 12. HP: 71/71 MP: 17/22
 13148 | D:10     | Reached skill level 10 in Earth Magic
 13406 | D:10     | Reached ***** piety under Vehumet
 13826 | D:11     | Found a broken altar of Ashenzari.
 13909 | D:11     | Offered knowledge of Freezing Cloud by Vehumet.
 14339 | D:11     | Learned a level 5 spell: Irradiate
 14416 | D:11     | Found a staircase to the Lair.
 14803 | D:12     | Noticed a two-headed ogre
 14810 | D:12     | Killed a two-headed ogre
 14821 | D:12     | Reached XP level 13. HP: 62/78 MP: 6/25
 14915 | D:12     | Learned a level 5 spell: Fireball
 15004 | D:12     | Reached skill level 1 in Fire Magic
 15414 | D:12     | You are sucked into a shaft and drop 2 floors!
 15428 | D:14     | Reached skill level 11 in Earth Magic
 15780 | D:14     | Noticed Roxanne
 15785 | D:14     | Killed Roxanne
 15855 | D:14     | Learned a level 6 spell: Iron Shot
 15985 | D:13     | Found a flagged portal.
 15993 | Bailey   | Entered a bailey
 16303 | Bailey   | Offered knowledge of Spellforged Servitor by Vehumet.
 16398 | Bailey   | Identified the +0 chain mail of Sif Muna's Reproof {Contam
                  | rF+ rN+ Stlth+}
 16895 | D:12     | Found Luyklyf's Assorted Antiques.
 16903 | D:12     | Bought a scroll of enchant armour for 180 gold pieces
 16903 | D:12     | Bought a scroll labelled YPSABLOVAI for 24 gold pieces
 17645 | D:12     | Noticed Nergalle
 17653 | D:12     | Killed Nergalle
 17828 | D:12     | Identified the +1 robe of Privacy {Int+4}
 18288 | D:13     | Mutation became permanent: Your large and strong wings let
                  | you fly. [Gargoyle growth]
 18288 | D:13     | Gained mutation: Your large and strong wings let you fly.
                  | [Gargoyle growth]
 18288 | D:13     | Reached XP level 14. HP: 84/84 MP: 17/26
 18307 | D:13     | Shot with an arrow by a centaur warrior

Illustrated notes

Levels and vault maps discovered:
D:1:      dpeg_arrival_ternary, layout_loops_cross, solitary_fountain
D:2:      layout_rooms, minmay_tetromino_o2
D:3:      kennysheep_the_goblin_king, layout_loops_ring,
          ebering_ecumenical_altar_mist, serial_park_tiny_1, uniq_jessica,
          uniq_grinder, uniq_natasha
D:4:      layout_loops_ring, grunt_temple_overflow_magic_moments,
          serial_co_window_serial, co_window_cross_1, co_window_paths_b,
          co_window_paths_b, co_window_corner_a, co_window_corner_a,
          co_window_paths_a, co_window_of_opportunity_a,
          co_window_of_opportunity_a, co_window_of_opportunity_a,
          co_window_broadway_c, co_window_corner_cb, co_window_2corner,
          co_window_paths_d, glass_columns_a, glass_columns_b, glass_columns_a,
          glass_columns_b, uniq_menkaure, uniq_blork_the_orc, uniq_pikel
D:5:      minmay_polygon_palace, layout_loops_ring, minitemple,
          overflow_temple_1_default, cheibrodos_sewer_entry_sluice
D:6:      layout_basic, nicolae_overflow_crystal_walls,
          minmay_temple_entry_grid, serial_shops, nicolae_shop_stone,
          uniq_sigmund, uniq_eustachio
D:7:      lemuel_ice_spiral_2, layout_basic, gammafunk_ghost_cemetery
D:8:      layout_basic, kennysheep_mini_moat, uniq_harold
D:9:      layout_long_grid, nicolae_tso_swordbearing_angel,
          lemuel_flamethrower_2
D:10:     layout_basic, david_orc_5, grunt_ministairs_2, minmay_misc_feat_five,
          uniq_snorg
D:11:     layout_loops_ring, erik_lair_dragon, gauntlet_entry_generic,
          chequers_serial_rivers_micro_e, nicolae_ashenzari_skybound
D:12:     minmay_tri_stars, layout_basic, serial_shops, shop,
          minmay_unpleasant_kobolds, uniq_nergalle
D:13:     layout_long_grid, skrybe_vaults_entry_preservation, enter_bailey_5,
          hangedman_batty
D:14:     layout_basic, hangedman_decor_clover_reticule, uniq_roxanne
Temple:   nicolae_temple_figure_eight

Skill      XL: |  1  2  3  4  5  6  7  8  9 10 11 12 13 |
---------------+----------------------------------------+-----
Earth Magic    | 4 5 6 7 8 9 10 11 | 11.5
Spellcasting   | 3 4 5 6 7 8 |  8.8
Conjurations   | 1 2 3 4 5 6 7 8 9 |  9.9
Fighting       | 1 2 4 5 6 7 8 |  8.9
Maces & Flails | 1 2 4 5 6 7 8 |  8.3
Armour         | 1 2 4 5 6 |  6.0
Dodging        | 2 3 4 5 6 7 |  7.2
Evocations     | 1 2 3 4 5 6 7 |  7.4
Fire Magic     | 4 |  4.8
Stealth        | |  2.1
Transmutations | |  0.7

Action                   |  1- 3 |  4- 6 |  7- 9 | 10-12 | 13-15 || total
-------------------------+-------+-------+-------+-------+-------++-------
Melee: Whip              |    73 |    50 |   230 |    17 |       ||   370
       Unarmed           |     1 |       |       |       |       ||     1
       Flail             |       |       |       |   107 |    81 ||   188
 Cast: Sandblast         |    22 |    26 |    61 |    14 |    17 ||   140
       Stone Arrow       |       |     3 |    25 |   100 |    31 ||   159
       Lee's Rapid Decon |       |     1 |    11 |    49 |    30 ||    91
       Irradiate         |       |       |       |     2 |     2 ||     4
       Iron Shot         |       |       |       |       |    36 ||    36
Evoke: Wand              |       |       |       |    12 |     2 ||    14
       Phial of floods   |       |       |       |       |     1 ||     1
  Use: Potion            |       |     3 |     3 |    13 |     2 ||    21
       Scroll            |       |       |    17 |    10 |     5 ||    32
 Stab: Sleeping          |     3 |       |     1 |     1 |       ||     5
       Distracted        |       |       |     2 |       |       ||     2
Armor: Robe              |    35 |    31 |   140 |   161 |    86 ||   453
Dodge: Dodged            |    67 |    40 |   226 |   222 |   149 ||   704

Table legend: (Time is in decaauts)
 A = Elapsed time spent in this place.
 B = Non-inter-level travel time spent in this place.
 C = Inter-level travel time spent in this place.
 D = Time resting spent in this place.
 E = Time spent auto-exploring this place.
 F = Levels seen in this place.
 G = Mean time per level.
                   A        B        C        D        E       F      G
               +--------+--------+--------+--------+--------+-----+--------+
         Total |  18307 |  17808 |    499 |   3208 |  11387 |  18 | 1017.1 |
       Dungeon |  15893 |  15394 |    499 |   2354 |  10526 |  14 | 1135.2 |
        Temple |      1 |      1 |      0 |      0 |      0 |   1 |    1.0 |
         Sewer |    662 |    662 |      0 |    242 |    229 |   1 |  662.0 |
        Bailey |    610 |    610 |      0 |    286 |     90 |   1 |  610.0 |
      Gauntlet |   1139 |   1139 |      0 |    326 |    542 |   1 | 1139.0 |
               +--------+--------+--------+--------+--------+-----+--------+

Top non-repeatable levels by time:
     D:3: 1852 daAuts
    D:12: 1492 daAuts
    D:11: 1415 daAuts
    D:10: 1378 daAuts
     D:4: 1302 daAuts
     D:8: 1279 daAuts
     D:6: 1219 daAuts
     D:5: 1211 daAuts
     D:9: 1157 daAuts
Gauntlet: 1139 daAuts
     D:1: 983 daAuts
     D:7: 893 daAuts
   Sewer: 662 daAuts
     D:2: 642 daAuts
  Bailey: 610 daAuts
